 Dungeon Crawl Stone Soup version 0.23.0 (webtiles) character file.

Game seed: 8520727749055030211

160487 KennyOmg the Minotaur Blade (level 17, -4/226 HPs)
             Began as a Minotaur Berserker on Feb 13, 2019.
             Was an Elder of Trog.
             Slain by a guardian serpent (8 damage)
             ... on level 4 of the Snake Pit.
             The game lasted 02:39:44 (32210 turns).

KennyOmg the Minotaur Blade (Minotaur Berserker)   Turns: 32210, Time: 02:39:45

Health: -4/226     AC: 28    Str: 26    XL:     17   Next: 18%
Magic:  0/23       EV: -1    Int:  4    God:    Trog [****..]
Gold:   2538       SH:  0    Dex: 15    Spells: 16/16 levels left

rFire    . . .     SeeInvis .   U - +11 plutonium sword {*Contam Stlth-}
rCold    . . .     Gourm    .   (shield currently unavailable)
rNeg     + + +     Faith    .   (armour currently unavailable)
rPois    +         Spirit   +   (helmet currently unavailable)
rElec    .         Reflect  .   (cloak currently unavailable)
rCorr    .         Harm     .   (gloves currently unavailable)
MR       ++++.     NoTele   +   (boots currently unavailable)
Stlth    ..........             e - amulet "Kysompao" {Spirit rPois rN++ Dex+2 Stlth-}
HPRegen  1.47/turn              w - +1 ring of slaying
MPRegen  0.18/turn              V - ring of protection from magic

@: tree-form, berserk cooldown, very slightly contaminated, regenerating, hasted
and slowed, constricted, invisible
A: (retaliatory headbutt), subdued magic 1
a: Berserk, Trog's Hand, Brothers in Arms, Renounce Religion


You were on level 4 of the Snake Pit.
You worshipped Trog.
Trog was greatly pleased with you.
You were not hungry.
You were a tree.
You visited 4 branches of the dungeon, and saw 27 of its levels.
You visited 1 bazaar.
You also visited: Bailey and Ice Cave.

You collected 4274 gold pieces.
You spent 1736 gold pieces at shops.

Inventory:

Hand Weapons
 A - the +10 falchion "Hydraslayer" {speed, rC+}
   (Trog gifted it to you on level 15 of the Dungeon)

   Attacks with this weapon are significantly faster.
   It protects you from cold.
 G - the +10 broad axe of Uffecot {venom, rElec Str+6}
   (You bought it in a shop in a bazaar)

   It poisons the flesh of those it strikes.
   It affects your strength (+6).
   It insulates you from electricity.
 U - the +11 plutonium sword (weapon) {*Contam Stlth-}
   (You found it on level 10 of the Dungeon)

   It causes magical contamination when unequipped.
   It makes you less stealthy.
Missiles
 n - 15 silver tomahawks
 p - 11 tomahawks of returning (quivered)
Armour
 d - a +2 cloak (melded)
 f - a +0 shield
 i - a +0 hat of intelligence (melded)
 r - the +4 ring mail "Ucko" (melded) {rF++ rCorr Str-4 Int+8}
   (You bought it in a shop in a bazaar)

   It affects your strength (-4).
   It affects your intelligence (+8).
   It greatly protects you from fire.
   It provides partial protection from all sources of acid and corrosion.
 J - the +2 pair of boots "Sis Tide" (melded) {Int+2}
   (You bought it in a shop on level 15 of the Dungeon)

   It affects your intelligence (+2).
 X - the +1 pair of gloves of Pragmatism (melded) {rPois rC+++ Str-5 Dex+4}
   (You found it on level 1 of the Lair of Beasts)

   It affects your strength (-5).
   It affects your dexterity (+4).
   It renders you almost immune to cold.
   It protects you from poison.
Jewellery
 e - the amulet "Kysompao" (around neck) {Spirit rPois rN++ Dex+2 Stlth-}
   (You found it on level 6 of the Lair of Beasts)

   [amulet of guardian spirit]

   It causes incoming damage to be split between your health and magic.
   It affects your dexterity (+2).
   It protects you from poison.
   It greatly protects you from negative energy.
   It makes you less stealthy.
 k - an uncursed ring of poison resistance {unknown}
 w - a +1 ring of slaying (left branch)
 Q - an uncursed ring of flight
 V - a ring of protection from magic (right branch)
Wands
 b - a wand of paralysis (14)
 u - a wand of scattershot (9)
 y - a wand of acid (13)
 I - a wand of iceblast (35)
 O - a wand of polymorph (1)
 P - a wand of disintegration (15)
 R - a wand of digging (10)
 S - a wand of flame (49)
Scrolls
 h - 12 scrolls of teleportation
 j - 3 scrolls of fog
 q - 4 scrolls of enchant weapon
 x - a scroll of brand weapon
 z - 3 scrolls of identify
 F - 14 scrolls of remove curse
 H - 4 scrolls of enchant armour
 M - 5 scrolls of magic mapping
Potions
 g - 2 potions of lignification
 m - 2 potions of berserk rage
 o - 2 potions of flight
 v - 2 potions of haste
 B - 2 potions of might
 T - 4 potions of agility
 W - a potion of resistance
Miscellaneous
 a - a lamp of fire
 l - a fan of gales
Comestibles
 c - 44 rations


   Skills:
 - Level 13.9 Fighting
   Level 13.5(18.2) Short Blades
 * Level 21.5(22.7) Long Blades
 - Level 10.4 Axes
 - Level 2.6 Armour
 - Level 2.3 Dodging
 - Level 11.4 Shields
 - Level 10.0 Evocations


You had 16 spell levels left.
You didn't know any spells.
Your spell library was empty.

Dungeon Overview and Level Annotations

Branches:
Dungeon (15/15)            Temple (0/1) D:6            Lair (6/6) D:9
 Shoals (0/4) Lair:3        Snake (4/4) Lair:2          Orc (2/2) D:12
    Elf (0/3) Orc:2        Vaults (0/5) D:14         Depths (0/5) D:15
  Slime: Lair:5-6

Altars:
Ashenzari
Dithmenos
Hepliaklqana
Makhleb
Nemelex Xobeh
Okawaru
Qazlal
Sif Muna
Trog
Wu Jian
Beogh

Shops:
D:9 (   D:15 [   Orc:2 [(?[%   Snake:1 ?(

Annotations:
D:6 3 runed translucent doors, exclusion: 3 doors, Blackhawk's ghost, novice GrFi
Lair:1 exclusion: orange crystal statue
Lair:5 3 runed translucent doors, exclusions: 3 doors and oklob plant, staltz's ghost, journeyman GrGl


Innate Abilities, Weirdness & Mutations

((You reflexively headbutt those who attack you in melee.))
((You have a pair of horns on your head.))
Your spells are a little easier to cast, but a little less powerful.


Message History

* * * LOW HITPOINT WARNING * * *
The naga warrior constricts you.
The guardian serpent hits you but does no damage.
The naga hits you but does no damage. x2
You barely miss the guardian serpent.
The guardian serpent hits you but does no damage.
The naga warrior hits you but does no damage.
The naga hits you but does no damage.
The naga warrior hits you but does no damage.
* * * LOW HITPOINT WARNING * * *
The naga warrior constricts you.
The guardian serpent hits you but does no damage.
The naga spits poison at you.
The splash of poison hits you but does no damage.
You resist.
Okay, then.
Your skin crawls.
You feel resistant to hostile enchantments.
You feel somewhat more hungry. The guardian serpent hits you!
You die...

#.. # ##.# #.
#..# #..#..##
#.#...###
#§§§...###.
#.#§§§S§.....
#..§§NNN#
##..§N♣#N....
#.####S§.....
# NN§....
.N..(.≈
....≈≈≈
....≈≈≈
....≈≈≈
...≈≈≈≈


You could see 2 naga warriors, 2 guardian serpents and 4 nagas.

Vanquished Creatures
  Agnes (D:15)
  Gastronok (D:12)
  A nagaraja (Snake:2)
  Azrael (D:12)
  5 dire elephants (Lair:6)
  Fannar (D:12)
  4 ice dragons
  6 naga warriors
  Erica (D:8)
  6 hydras
  A centaur warrior (D:15)
  5 two-headed ogres
  A death knight (D:13)
  9 anacondas
  An ogre mage (D:15)
  4 orc high priests (Orc:2)
  5 naga sharpshooters
  2 shock serpents (Snake:3)
  Sonja (D:12)
  A deep elf knight (D:14)
  A salamander mystic (Snake:2)
  A death drake (Snake:3)
  A deep troll (Snake:3)
  6 sea snakes
  2 unseen horrors
  4 naga ritualists
  Pikel (D:4)
  2 necromancers (D:14)
  An orc sorcerer (Orc:2)
  3 mana vipers (Snake:2)
  5 cyclopes
  5 salamanders
  30 ugly things
  A wolf spider (D:15)
  3 manticores
  21 black mambas
  3 centaur zombies
  4 elephants (Lair:6)
  A guardian serpent (Snake:3)
  6 naga magi
  Joseph (D:7)
  2 ice statues (IceCv)
  11 spiny frogs
  11 rime drakes
  A redback zombie (D:15)
  6 komodo dragons
  A freezing wraith (D:15)
  An efreet (D:14)
  A queen bee (Lair:2)
  5 trolls
  3 polar bears
  Prince Ribbit (D:7)
  4 blink frogs (Lair:6)
  12 hippogriffs
  A redback (Snake:1)
  3 shadows
  12 wyverns
  32 yaks
  Sigmund (D:4)
  11 basilisks
  2 fire elementals (D:12)
  A hog (Snake:2)
  18 humans (D:14)
  3 vampire mosquitoes (D:13)
  A hungry ghost (D:10)
  A swamp worm (Snake:3)
  2 soldier ants
  2 acid dragons
  A warg (Orc:2)
  16 nagas
  10 water moccasins
  7 porcupines
  22 orc warriors
  31 ice beasts
  7 sky beasts
  A slave (D:4)
  A hornet zombie (D:15)
  A black bear (D:7)
  2 necrophages (D:13)
  12 ogres
  11 wolves
  An eye of draining (D:15)
  5 phantoms
  13 centaurs
  12 crocodiles
  2 big kobolds
  12 bullfrogs
  2 wyvern zombies
  A scorpion (D:7)
  50 killer bees
  A howler monkey (D:10)
  3 wights (D:13)
  An electric eel (D:15)
  11 crimson imps
  2 bullfrog zombies
  7 hounds
  26 orc priests
  2 quasits
  2 bullfrog skeletons
  2 jellies
  4 centaur skeletons
  Jessica (D:2)
  2 iguanas
  30 orc wizards
  7 worker ants
  A hound zombie (D:9)
  2 hound skeletons
  A howler monkey skeleton (D:10)
  2 gnolls (Bailey)
  A worker ant zombie (D:7)
  12 adders
  6 shadow imps
  4 white imps (D:7)
  3 oozes
  An adder skeleton (D:8)
  6 worms
  4 dart slugs
  9 leopard geckos
  47 orcs
  3 ball pythons (Snake:4)
  6 giant cockroaches
  12 goblins
  17 hobgoblins
  20 jackals
  5 quokkas
  6 bats
  6 frilled lizards
  3 jackal skeletons
  31 kobolds
  A leopard gecko skeleton (D:6)
  10 rats
  A butterfly (Lair:4)
  8 fungi (D:9)
  5 plants
862 creatures vanquished.

Vanquished Creatures (collateral kills)
  A nagaraja (Snake:3)
  An orc warlord (Bailey)
  A stone giant (D:12)
  A dire elephant (Lair:6)
  3 vault guards (D:14)
  A catoblepas (Lair:6)
  A wizard (D:14)
  A black mamba (Lair:6)
  2 spiny frogs (Lair:6)
  A queen bee (D:9)
  2 hippogriffs
  3 yaks (D:10)
  A fire elemental (D:12)
  A human (D:14)
  A naga (Snake:3)
  A water moccasin (Lair:6)
  A hell hound (D:12)
  2 orc warriors
  2 wolves (Lair:6)
  A crocodile (Lair:6)
  A killer bee (D:9)
  An orc priest (Orc:1)
  2 orc wizards (Orc:1)
  An orc (Orc:1)
  A hobgoblin (Bailey)
34 creatures vanquished.

Vanquished Creatures (others)
  A hell hound (D:12)
  A worker ant (D:12)
  7 fungi
  13 plants
22 creatures vanquished.

Grand Total: 918 creatures vanquished

Notes
Turn   | Place    | Note
-------+----------+-------------------------------------------
     0 | D:1      | KennyOmg the Minotaur Berserker began the quest for the
                  | Orb.
     0 | D:1      | Reached XP level 1. HP: 19/19 MP: 0/0
   252 | D:1      | Reached XP level 2. HP: 20/27 MP: 1/1
   926 | D:1      | Reached XP level 3. HP: 33/33 MP: 2/2
  1230 | D:2      | Reached skill level 5 in Axes
  1230 | D:2      | Reached XP level 4. HP: 22/41 MP: 3/3
  1444 | D:2      | Reached ** piety under Trog
  1601 | D:2      | Reached skill level 5 in Fighting
  1601 | D:2      | Reached XP level 5. HP: 8/48 MP: 4/4
  2070 | D:2      | Noticed Jessica
  2077 | D:2      | Killed Jessica
  2323 | D:3      | Reached XP level 6. HP: 56/56 MP: 5/5
  2710 | D:3      | Reached *** piety under Trog
  2801 | D:3      | Found an ornate altar of the Wu Jian Council.
  2993 | D:4      | Reached XP level 7. HP: 64/64 MP: 6/6
  3154 | D:4      | Found an iron altar of Okawaru.
  3163 | D:4      | Noticed Sigmund
  3189 | D:4      | Killed Sigmund
  3339 | D:4      | Noticed Pikel
  3349 | D:4      | Killed Pikel
  3349 | D:4      | Reached skill level 10 in Axes
  3349 | D:4      | Reached XP level 8. HP: 74/74 MP: 7/7
  3413 | D:4      | Got an ichor-stained rapier
  3819 | D:5      | Entered Level 5 of the Dungeon
  3970 | D:5      | Identified the +10 rapier "Xorghidu" {speed, -Tele +Inv rF+
                  | SInv} (You found it on level 4 of the Dungeon)
  4056 | D:5      | Reached skill level 1 in Short Blades
  4103 | D:5      | Reached skill level 1 in Evocations
  4131 | D:5      | Found a sparkling altar of Nemelex Xobeh.
  4228 | D:5      | Reached **** piety under Trog
  4382 | D:5      | Reached XP level 9. HP: 82/82 MP: 9/9
  4947 | D:6      | Found a deep blue altar of Sif Muna.
  4954 | D:6      | Reached skill level 1 in Shields
  5018 | D:6      | Found a staircase to the Ecumenical Temple.
  5087 | D:6      | Got a warped rapier
  5088 | D:6      | Identified the +10 rapier of Watchfulness {drain, Fragile
                  | rF++ Str+9 Stlth-} (You found it on level 6 of the Dungeon)
  5207 | D:6      | Found a runed translucent gate.
  5208 | D:6      | Found a runed translucent gate.
  5208 | D:6      | Found a runed translucent gate.
  5208 | D:6      | Identified the +4 dagger "Wynete" {elec, Fragile rPois
                  | Int+3 Dex+4}
  5208 | D:6      | Noticed Blackhawk's ghost (novice GrFi)
  5208 | D:6      | Noticed a kobold demonologist
  5405 | D:6      | Reached skill level 5 in Short Blades
  5454 | D:6      | Found a shattered altar of Ashenzari.
  6005 | D:7      | Noticed Prince Ribbit
  6017 | D:7      | Killed Prince Ribbit
  6279 | D:7      | Reached ***** piety under Trog
  6509 | D:7      | Noticed Joseph
  6519 | D:7      | Killed Joseph
  6519 | D:7      | Reached XP level 10. HP: 93/93 MP: 12/12
  6885 | D:8      | Reached skill level 10 in Fighting
  7002 | D:8      | Noticed Erica
  7020 | D:8      | Killed Erica
  7020 | D:8      | Reached skill level 5 in Shields
  7082 | D:8      | Reached skill level 5 in Evocations
  7293 | D:9      | Found a staircase to the Lair.
  7609 | D:9      | Found a burning altar of Makhleb.
  7963 | D:9      | Found Gorheneu's Antique Weapon Shoppe.
  8414 | D:10     | Entered Level 10 of the Dungeon
  8513 | D:10     | Noticed a two-headed ogre
  8518 | D:10     | Reached XP level 11. HP: 101/101 MP: 14/14
  8522 | D:10     | Killed a two-headed ogre
  8613 | D:10     | Reached skill level 10 in Short Blades
  8852 | D:10     | Noticed an unseen horror
  8860 | D:10     | Killed an unseen horror
  8907 | D:10     | Found a shadowy altar of Dithmenos.
  8952 | D:10     | Noticed a two-headed ogre
  8960 | D:10     | Killed a two-headed ogre
  9029 | D:10     | Found the +11 plutonium sword {*Contam Stlth-}
  9287 | Lair:1   | Entered Level 1 of the Lair of Beasts
  9322 | Lair:1   | Reached skill level 1 in Long Blades
  9386 | Lair:1   | Found a bloodstained altar of Trog.
  9484 | Lair:1   | Reached skill level 2 in Long Blades
  9528 | Lair:1   | Noticed an orange crystal statue
  9646 | Lair:1   | Noticed an eight-headed hydra
  9652 | Lair:1   | Killed an eight-headed hydra
  9875 | Lair:1   | Got a pair of warped gloves
  9886 | Lair:1   | Identified the +1 pair of gloves of Pragmatism {rPois rC+++
                  | Str-5 Dex+4} (You found it on level 1 of the Lair of
                  | Beasts)
 10064 | Lair:2   | Reached skill level 3 in Long Blades
 10251 | Lair:2   | Noticed a five-headed hydra
 10258 | Lair:2   | Killed a three-headed hydra
 10328 | Lair:2   | Reached XP level 12. HP: 103/112 MP: 16/16
 10342 | Lair:2   | Found a staircase to the Snake Pit.
 10347 | Lair:2   | Received a gift from Trog
 10358 | Lair:2   | Got a dazzling long sword {god gift}
 10360 | Lair:2   | Identified the +9 long sword of the Butterfly {vamp, rPois
                  | rF+ Dex-3} (Trog gifted it to you on level 2 of the Lair of
                  | Beasts)
 10422 | Lair:2   | Reached skill level 4 in Long Blades
 11397 | Lair:3   | Found a frozen archway.
 11448 | Lair:3   | Reached skill level 5 in Long Blades
 11468 | IceCv    | Entered an ice cave
 11660 | IceCv    | Noticed an ice dragon
 11660 | IceCv    | Noticed an ice dragon
 11672 | IceCv    | Killed an ice dragon
 11683 | IceCv    | Killed an ice dragon
 12231 | Lair:3   | Reached skill level 6 in Long Blades
 12429 | Lair:3   | Found a staircase to the Shoals.
 12754 | Lair:4   | Noticed an eight-headed hydra
 12760 | Lair:4   | Reached XP level 13. HP: 112/119 MP: 17/17
 12821 | Lair:4   | Reached skill level 10 in Shields
 12956 | Lair:4   | Reached skill level 7 in Long Blades
 13811 | Lair:5   | Found a runed translucent gate.
 13811 | Lair:5   | Found a runed translucent gate.
 13811 | Lair:5   | Found a runed translucent gate.
 13813 | Lair:5   | Noticed staltz's ghost (journeyman GrGl)
 14348 | Lair:6   | Entered Level 6 of the Lair of Beasts
 14366 | Lair:6   | Received a gift from Trog
 14694 | Lair:6   | Reached skill level 8 in Long Blades
 15866 | Lair:6   | Noticed a dire elephant
 15866 | Lair:6   | Noticed a dire elephant
 15882 | Lair:6   | Killed a dire elephant
 15882 | Lair:6   | Reached skill level 9 in Long Blades
 15886 | Lair:6   | Killed a dire elephant
 15923 | Lair:6   | Got a fine sapphire amulet
 15926 | Lair:6   | Identified the amulet "Kysompao" {Spirit rPois rN++ Dex+2
                  | Stlth-} (You found it on level 6 of the Lair of Beasts)
 16087 | Lair:6   | Noticed a dire elephant
 16106 | Lair:6   | Killed a dire elephant
 16124 | Lair:6   | Noticed a dire elephant
 16137 | Lair:6   | Killed a dire elephant
 16137 | Lair:6   | Reached XP level 14. HP: 51/130 MP: 16/19
 17422 | D:11     | Found a flagged portal.
 17431 | Bailey   | Entered a bailey
 17436 | Bailey   | Noticed an orc warlord
 17493 | Bailey   | Reached skill level 10 in Long Blades
 17595 | Bailey   | Found a runed translucent gate.
 17596 | Bailey   | Found a runed translucent gate.
 17641 | Bailey   | Found a runed translucent gate.
 17721 | Bailey   | Killed an orc warlord
 17760 | Bailey   | Identified a scroll of acquirement
 17763 | Bailey   | Reached skill level 12 in Long Blades
 17763 | Bailey   | Reached XP level 15. HP: 137/137 MP: 20/20
 17886 | D:11     | Found a stormy altar of Qazlal.
 18323 | D:12     | You fall through a shaft!
 18410 | D:12     | Noticed Azrael
 18438 | D:12     | Killed Azrael
 18466 | D:12     | Found a flickering gateway to a bazaar.
 18475 | Bazaar   | Entered a bazaar
 18475 | Bazaar   | Found Izew Jud's Assorted Antiques.
 18475 | Bazaar   | Found Buuseid's Antique Armour Emporium.
 18475 | Bazaar   | Found Eleru's Book Shop.
 18475 | Bazaar   | Found Lopuwaan's Gadget Shoppe.
 18660 | Bazaar   | Found Feamp's Book Boutique.
 18698 | Bazaar   | Bought a brightly glowing ring mail for 207 gold pieces
 18708 | Bazaar   | Identified the +4 ring mail "Ucko" {rF++ rCorr Str-4 Int+8}
                  | (You bought it in a shop in a bazaar)
 18724 | Bazaar   | Bought a warped broad axe for 324 gold pieces
 18724 | Bazaar   | Identified the +10 broad axe of Uffecot {venom, rElec
                  | Str+6} (You bought it in a shop in a bazaar)
 19061 | D:12     | Noticed Sonja
 19077 | D:12     | Killed Sonja
 19084 | D:12     | Noticed Fannar
 19097 | D:12     | Killed Fannar
 19119 | D:12     | Noticed Gastronok
 19145 | D:12     | Killed Gastronok
 19171 | D:12     | Reached skill level 13 in Long Blades
 19551 | D:12     | Found a staircase to the Orcish Mines.
 20433 | D:13     | Reached skill level 10 in Evocations
 20800 | D:13     | Received a gift from Trog
 20889 | D:14     | Reached skill level 14 in Long Blades
 21033 | D:14     | Found a gate to the Vaults.
 21203 | D:14     | Reached skill level 15 in Long Blades
 22389 | D:15     | Entered Level 15 of the Dungeon
 22581 | D:15     | Reached skill level 16 in Long Blades
 22622 | D:15     | Noticed Agnes
 22631 | D:15     | Killed Agnes
 22666 | D:15     | Received a gift from Trog
 22675 | D:15     | Got a jewelled falchion {god gift}
 22676 | D:15     | Identified the +10 falchion "Hydraslayer" {speed, rC+}
                  | (Trog gifted it to you on level 15 of the Dungeon)
 22680 | D:15     | Gained mutation: Your spells are a little easier to cast,
                  | but a little less powerful. [mutagenic glow]
 22909 | D:15     | Reached XP level 16. HP: 142/145 MP: 22/22
 23065 | D:15     | Reached skill level 17 in Long Blades
 23091 | D:15     | Found a bloodstained altar of Trog.
 23098 | D:15     | Found Lomi's Antique Armour Shoppe.
 23106 | D:15     | Bought a pair of faintly glowing boots for 304 gold pieces
 23116 | D:15     | Identified the +2 pair of boots "Sis Tide" {Int+2} (You
                  | bought it in a shop on level 15 of the Dungeon)
 23302 | D:15     | Found a hazy altar of Hepliaklqana.
 23778 | D:15     | Found a staircase to the Depths.
 24038 | Orc:1    | Entered Level 1 of the Orcish Mines
 24203 | D:12     | Reached skill level 18 in Long Blades
 24549 | Orc:2    | Entered Level 2 of the Orcish Mines
 24568 | Orc:2    | Found Feogohim's Food Emporium.
 24648 | Orc:2    | Found a roughly hewn altar of Beogh.
 24847 | Orc:2    | Received a gift from Trog
 25518 | Orc:2    | Found Irokacay's Magic Scroll Emporium.
 25518 | Orc:2    | Found Cehopp's Antique Armour Emporium.
 25519 | Orc:2    | Found Quwaf's Weapon Shoppe.
 25522 | Orc:2    | Found Qoom's Antique Armour Shoppe.
 25530 | Orc:2    | Bought an encrusted plate armour for 700 gold pieces
 25532 | Orc:2    | Identified the cursed +1 plate armour "Fumimyerr" {Dex+4}
                  | (You bought it in a shop on level 2 of the Orcish Mines)
 25598 | Orc:2    | Found a staircase to the Elven Halls.
 25635 | Orc:2    | Got a pitted tin amulet
 25636 | Orc:2    | Identified the amulet of Xeimoiff {Acrobat rPois rN+ Str+4
                  | Dex+3} (You acquired it on level 2 of the Orcish Mines)
 25702 | Orc:1    | Received a gift from Trog
 25828 | Orc:1    | Found a roughly hewn altar of Beogh.
 26351 | Snake:1  | Entered Level 1 of the Snake Pit
 26365 | Snake:1  | Found Unaor's Antique Weapon Boutique.
 26626 | Snake:1  | You fall through a shaft!
 27071 | Snake:1  | Reached skill level 19 in Long Blades
 27281 | Snake:1  | Found Equdol's Magic Scroll Boutique.
 27412 | Snake:1  | Bought a scroll of teleportation for 45 gold pieces
 27412 | Snake:1  | Bought a scroll of magic mapping for 52 gold pieces
 27412 | Snake:1  | Bought a scroll of fear for 52 gold pieces
 27412 | Snake:1  | Bought a scroll of magic mapping for 52 gold pieces
 29102 | Snake:2  | Reached skill level 20 in Long Blades
 30065 | Snake:3  | HP: 3/145 [naga sharpshooter/arrow (10)]
 30575 | Snake:3  | Reached XP level 17. HP: 127/151 MP: 20/23
 31351 | Snake:3  | Reached skill level 21 in Long Blades
 32147 | Snake:4  | Entered Level 4 of the Snake Pit
 32203 | Snake:4  | HP: 11/226 [naga warrior/cursed -2 halberd (9)]
 32206 | Snake:4  | HP: 4/226 [guardian serpent (3)]
 32210 | Snake:4  | Slain by a guardian serpent

Skill      XL: |  1  2  3  4  5  6  7  8  9 10 11 12 13 14 15 16 17 |
---------------+----------------------------------------------------+-----
Fighting       | 4 5 6 7 8 9 10 11 12 13 | 13.9
Axes           | 4 5 6 8 10 | 10.4
Short Blades   | 4 7 9 11 13 | 13.5
Evocations     | 2 4 5 6 7 9 10 | 10.0
Shields        | 4 6 8 9 11 | 11.4
Long Blades    | 3 6 9 12 16 20 21 | 21.5
Armour         | |  2.6
Dodging        | |  2.3

Action                   |  1- 3 |  4- 6 |  7- 9 | 10-12 | 13-15 | 16-18 || total
-------------------------+-------+-------+-------+-------+-------+-------++-------
Melee: Hand axe          |    58 |   154 |    63 |       |       |       ||   275
       Headbutt          |    15 |    28 |    44 |   184 |   192 |   123 ||   586
       Rapier            |       |       |   176 |   762 |   386 |       ||  1324
       Scimitar          |       |       |       |     4 |    23 |       ||    27
       Triple sword      |       |       |       |       |   305 |   499 ||   804
Throw: Stone             |       |       |    11 |    12 |       |       ||    23
       Tomahawk          |       |       |       |       |    28 |     3 ||    31
Invok: Berserk           |       |     5 |     7 |     7 |    11 |    11 ||    41
       Trog's Hand       |       |     3 |     6 |     3 |    10 |    13 ||    35
       Brothers in Arms  |       |       |       |     3 |     6 |     5 ||    14
 Abil: Evoke Invisibilit |       |       |       |       |     6 |       ||     6
Evoke: Wand              |       |       |       |     8 |     3 |     2 ||    13
       Lamp of fire      |       |       |       |     1 |     1 |     2 ||     4
       Sack of spiders   |       |       |       |       |       |     3 ||     3
  Use: Potion            |       |     4 |       |     1 |     4 |    26 ||    35
       Scroll            |       |       |    18 |     6 |    12 |     9 ||    45
 Stab: Sleeping          |     1 |       |       |       |       |       ||     1
       Invisible         |       |       |       |       |    14 |     1 ||    15
  Eat: Chunk             |     1 |     7 |    19 |    43 |    39 |    16 ||   125
       Ration            |       |     1 |       |     2 |     1 |     9 ||    13
Armor: Animal skin       |     3 |       |       |       |       |       ||     3
       Scale mail        |     7 |    52 |    12 |       |       |       ||    71
       Skin              |       |     3 |       |       |       |    64 ||    67
       Chain mail        |       |       |    39 |       |       |       ||    39
       Plate armour      |       |       |    29 |   286 |   143 |       ||   458
       Ring mail         |       |       |       |       |   152 |   221 ||   373
Dodge: Dodged            |    31 |    73 |    43 |    90 |   216 |   295 ||   748
Block: Shield            |       |       |    31 |   301 |   170 |       ||   502
       Rpst.: Scimitar   |       |       |       |     1 |     2 |       ||     3
       Triple sword      |       |       |       |       |    43 |    61 ||   104
